Map: Data-C

Players

DnS - Winner!

  • Race: Protoss Protoss
  • Spawn Location: 3:00

FoxeR

  • Race: Terran Terran
  • Spawn Location: 9:00

Event: DreamHack SC2 Masters 2022 Atlanta (Offline)

VOD

Have the link to the VOD?

Description

Time

  • Played on: Nov. 18, 2022, 11:42 a.m.
  • Length: 9:46

All games in this series

Show
View Real Time Build Order
Export as new Build Order

DnS Protoss - Winner!

Build Orders:  

Get SALT Encoding   

  12  0:00  Probe  
  13  0:12  Probe  
  14  0:17  Pylon  
  14  0:24  Probe  
  15  0:36  Probe (Chrono Boost)  
  15  0:39  Gateway  
  16  0:47  Probe (Chrono Boost)  
  16  0:49  Pylon  
  17  0:52  Probe (Chrono Boost)  
  18  0:59  Assimilator  
  18  1:03  Probe  
  19  1:13  Gateway  
  19  1:15  Probe  
  20  1:26  Cybernetics Core  
  20  1:32  Zealot  
  22  1:37  Probe  
  23  1:40  Assimilator  
  23  1:49  Probe  
  24  2:01  Probe  
  24  2:02  Stalker (Chrono Boost)  
  24  2:05  Warp Gate (Chrono Boost)  
  28  2:10  Pylon  
  28  2:13  Probe  
  28  2:14  Adept (Chrono Boost)  
  29  2:22  Stalker (Chrono Boost)  
  31  2:32  Probe  
  32  2:40  Adept (Chrono Boost)  
  34  2:44  Probe  
  34  2:49  Pylon  
  35  2:55  Stargate  
  33  3:16  Nexus  
  33  3:18  Probe  
  34  3:30  Probe  
  34  3:33  Shield Battery  
  33  3:46  Stalker x2  
  34  4:11  Stalker  
  34  4:12  Stalker  
  34  4:14  Phoenix  
  40  4:24  Probe (Chrono Boost)  
  41  4:32  Probe (Chrono Boost)  
  41  4:36  Probe (Chrono Boost)  
  43  4:43  Phoenix, Probe (Chrono Boost)  
  43  4:44  Probe (Chrono Boost)  
  47  4:47  Stalker  
  47  4:50  Probe  
  50  4:53  Probe  
  50  4:57  Stalker  
  51  5:08  Phoenix (Chrono Boost), Probe x2  
  55  5:15  Pylon  
  55  5:20  Probe x2  
  55  5:30  Phoenix (Chrono Boost)  
  55  5:32  Probe  
  55  5:33  Twilight Council, Probe  
  59  5:36  Gateway  
  59  5:46  Shield Battery  
  59  5:47  Pylon  
  59  5:49  Probe x2  
  61  6:01  Nexus  
  61  6:05  Probe x2  
  61  6:06  Charge (Chrono Boost)  
  61  6:08  Phoenix  
  65  6:19  Stalker  
  67  6:26  Probe x2  
  69  6:41  Phoenix  
  69  6:46  Probe x2  
  71  6:53  Pylon  
  71  6:58  Probe  
  72  7:02  Gateway  
  72  7:03  Probe  
  72  7:05  Gateway  
  72  7:08  Gateway x3  
  73  7:09  Gateway  
  73  7:16  Zealot x2  
  73  7:19  Phoenix  
  79  7:24  Probe  
  79  7:26  Probe  
  81  7:32  Probe  
  81  7:35  Gateway  
  81  7:36  Gateway, Probe  
  83  7:44  Zealot x2  
  85  7:45  Shield Battery  
  85  7:46  Probe x2  
  85  7:50  Robotics Facility  
  89  7:54  Phoenix (Chrono Boost)  
  91  8:01  Zealot  
  93  8:06  Pylon  
  93  8:07  Pylon  
  93  8:08  Pylon  
  93  8:17  Zealot  
  91  8:22  Phoenix  
  93  8:28  Zealot x7  
  107  8:34  Zealot  
  107  8:35  Zealot  
  107  8:38  Pylon  
  107  8:40  Pylon  
  111  8:41  Pylon  
  101  8:53  Zealot x5  
  101  8:54  Zealot x2  
  87  9:06  Zealot x3  
  81  9:16  Zealot x7  
  87  9:21  Phoenix  
  83  9:28  Zealot x2  
  83  9:29  Zealot  
  83  9:37  Zealot x4  
  87  9:44  Pylon  
Show
View Real Time Build Order
Export as new Build Order

FoxeR Terran 

Build Orders:  

Get SALT Encoding   

  12  0:00  SCV  
  13  0:12  SCV  
  14  0:17  Supply Depot  
  14  0:24  SCV  
  15  0:39  SCV, Barracks  
  16  0:43  Refinery  
  16  0:51  SCV  
  16  0:53  Refinery  
  17  1:03  SCV  
  18  1:15  SCV  
  19  1:26  Reaper  
  19  1:27  Orbital Command  
  19  1:28  Supply Depot  
  20  1:43  Factory  
  20  1:53  SCV  
  21  2:00  Barracks Reactor  
  21  2:05  SCV  
  22  2:17  SCV  
  22  2:22  Command Center  
  23  2:31  Hellion  
  24  2:37  Reaper x2  
  24  2:40  SCV  
  27  2:52  SCV, Widow Mine, Command Center  
  29  3:06  SCV  
  29  3:09  Reaper  
  29  3:17  Reaper  
  30  3:22  Widow Mine  
  30  3:24  Supply Depot  
  32  3:28  SCV  
  33  3:36  Bunker  
  33  3:41  Marine  
  32  3:43  SCV  
  32  3:47  Factory Tech Lab  
  30  3:57  Marine  
  30  3:59  Marine  
  29  4:11  Cyclone  
  29  4:14  SCV  
  29  4:15  Marine  
  34  4:17  Orbital Command  
  34  4:20  Marine  
  33  4:33  Marine  
  33  4:36  Bunker  
  33  4:38  Marine  
  36  4:47  Siege Tank  
  36  4:49  SCV  
  36  4:51  Marine  
  40  4:56  Marine  
  40  5:02  SCV  
  38  5:08  Marine  
  38  5:13  Marine  
  41  5:14  SCV  
  41  5:15  Supply Depot  
  41  5:16  Supply Depot  
  41  5:22  SCV  
  41  5:26  Marine  
  43  5:30  Siege Tank  
  46  5:37  Marine  
  46  5:41  Barracks  
  47  5:45  Barracks  
  47  5:49  SCV  
  48  5:50  SCV  
  48  5:53  Marine  
  48  5:54  Marine  
  51  6:05  Siege Tank  
  51  6:11  Marine, Orbital Command  
  54  6:15  Marine  
  54  6:16  SCV  
  57  6:28  SCV  
  57  6:29  Marine  
  57  6:30  Barracks Tech Lab  
  59  6:36  SCV  
  60  6:40  SCV  
  60  6:43  Siege Tank  
  62  6:48  Stimpack  
  62  6:50  SCV  
  62  6:53  Barracks Tech Lab  
  62  6:55  Supply Depot  
  62  6:57  SCV, Marine x2  
  62  6:58  Supply Depot, Marine  
  66  7:02  SCV  
  67  7:09  SCV  
  67  7:13  Marine  
  67  7:14  SCV  
  67  7:15  Marine  
  70  7:16  Marine x2  
  70  7:17  Siege Tank  
  70  7:19  Supply Depot  
  70  7:21  SCV  
  73  7:26  SCV  
  74  7:31  Marine  
  74  7:33  SCV, Marine  
  74  7:34  Marine  
  78  7:38  SCV  
  78  7:43  Combat Shield  
  77  7:44  Marine  
  77  7:45  SCV  
  77  7:48  Marine  
  77  7:49  Siege Tank  
  77  7:50  SCV  
  77  7:51  Marine  
  85  7:52  Marine  
  86  8:02  Marine  
  87  8:06  Marine  
  87  8:08  Marine  
  87  8:10  Supply Depot, Marine  
  90  8:14  Bunker  
  90  8:19  Marine  
  90  8:22  Siege Tank  
  90  8:26  Marine x2  
  93  8:37  SCV  
  93  8:39  Marine  
  95  8:48  Marine x2  
  82  8:49  SCV  
  69  8:57  SCV, Siege Tank  
  67  9:02  Marine  
  67  9:05  Marine  
  64  9:12  SCV  
  64  9:16  Marine  
  65  9:18  Marine  
  65  9:23  SCV  
Tags
 
Add a new tag
Caveats
  • Supply blocks, unpowered buildings, or Contaminate may cause inaccurate times.
  • Supply counts are checked every 10 seconds.